 Dungeon Crawl Stone Soup version 0.27-a0-70-g58928b186a (webtiles) character file.

Game seed: 3294231859916357967

34690 KristoblXynda the Carver (level 13, -8/114 HPs)
             Began as a Red Draconian Gladiator on Jan 10, 2021.
             Was a Believer of Ashenzari.
             Mangled by a two-headed ogre
             ... wielding a +0 giant spiked club
              (21 damage)
             ... on level 15 of the Dungeon.
             The game lasted 00:34:04 (20723 turns).

KristoblXynda the Carver (Red Draconian Gladiator) Turns: 20723, Time: 00:34:04

Health: -8/114     AC: 14    Str: 23    XL:     13   Next: 43%
Magic:  13/13      EV: 33    Int: 12    God:    Ashenzari [**....]
Gold:   939        SH:  5    Dex: 12    Spells: 10/12 levels left

rFire    + + .     SeeInvis +   I - +8 scimitar (vorpal) (curse)
rCold    + + .     Faith    .   d - +0 buckler
rNeg     . . .     Spirit   .   (armour unavailable)
rPois    +         Reflect  .   J - +2 hat
rElec    .         Harm     .   H - +1 cloak
rCorr    .         Rampage  .   w - +0 pair of gloves
Will     .....                  m - +0 pair of boots
Stlth    +++.......             f - amulet of Vuseem {Acrobat rPois rC++ SInv} (curse)
HPRegen  0.29/turn              v - ring "Zyluc" {Wiz Str+4} (curse)
MPRegen  0.13/turn              y - ring of protection from fire

@: short of breath, acrobat, studying Unarmed Combat
A: breathe fire, unfitting armour, fire resistance 1, cold-blooded, AC +8
a: Breathe Fire, Renounce Religion, Curse Item, Scrying


You were on level 15 of the Dungeon.
You worshipped Ashenzari.
Ashenzari was pleased with you.
You visited 2 branches of the dungeon, and saw 16 of its levels.
You also visited: Ossuary.

You collected 1089 gold pieces.
You spent 150 gold pieces at shops.

Inventory:

Hand Weapons
 I - a cursed +8 vorpal scimitar (weapon)
Missiles
 c - 3 throwing nets (quivered)
Armour
 d - a +0 buckler (worn)
 m - a +0 pair of boots (worn)
 o - the +1 pair of boots "Kipsaoq" {Harm rPois Dex+7 Stlth-}
   (You found it on level 11 of the Dungeon)

   It affects your dexterity (+7).
   It protects you from poison.
   It increases damage dealt and taken.
   It makes you less stealthy.
 w - a +0 pair of gloves (worn)
 H - a +1 cloak (worn)
 J - a +2 hat (worn)
Jewellery
 a - the ring of the Crown {+Fly rElec Dex+6 Stlth+}
   (You found it on level 14 of the Dungeon)

   [ring of dexterity]

   It affects your dexterity (+6).
   It insulates you from electricity.
   It lets you fly.
   It makes you more stealthy.
 f - the cursed amulet of Vuseem (around neck) {Acrobat rPois rC++ SInv}
   (You acquired it on level 9 of the Dungeon)

   [amulet of the acrobat]

   It helps you evade while moving and waiting.
   It greatly protects you from cold.
   It protects you from poison.
   It lets you see invisible.
   It has a curse placed upon it.
 v - the cursed ring "Zyluc" (left hand) {Wiz Str+4}
   (You found it on level 4 of the Dungeon)

   [ring of wizardry]

   It improves your spell success rate.
   It affects your strength (+4).
   It has a curse placed upon it.
 y - a ring of protection from fire (right hand)
 F - an uncursed ring of willpower
Wands
 u - a wand of iceblast (9)
 G - a wand of acid (5)
Scrolls
 h - 4 scrolls of immolation
 i - 8 scrolls of magic mapping
 k - 6 scrolls of fog
 p - 2 scrolls of remove curse
 s - 3 scrolls of amnesia
 x - 3 scrolls of teleportation
 E - a scroll of blinking
Potions
 e - a potion of invisibility {unknown}
 g - 6 potions of heal wounds
 j - a potion of ambrosia {unknown}
 l - 3 potions of brilliance
 n - 3 potions of lignification
 q - 6 potions of curing
 r - a potion of magic
 t - a potion of might
 z - 5 potions of flight
 B - a potion of berserk rage
 C - 3 potions of haste
 D - 2 potions of mutation
Books
 A - a manual of Unarmed Combat


   Skills:
 - Level 10.4 Fighting
 + Level 13.4(15.3) Long Blades
 - Level 2.1 Throwing
 + Level 11.1 Dodging
 + Level 7.0 Stealth
 - Level 4.4 Shields
 + Level 8.4(9.9) Evocations


You had 10 spell levels left.
You knew the following spells:

 Your Spells              Type           Power        Failure   Level
a - Wereblood             Tmut           0%           19%         2

Your spell library contained the following spells:

 Spells                   Type           Power        Failure   Level
 Animate Skeleton         Necr           0%           12%         1
 Apportation              Tloc           0%           12%         1
 Beastly Appendage        Tmut           0%           12%         1
 Pain                     Necr           0%           12%         1
 Sandblast                Erth           0%           12%         1
 Summon Small Mammal      Summ           0%           12%         1
 Corona                   Hex            0%           13%         1
 Ensorcelled Hibernation  Hex/Ice        0%           19%         2
 Passwall                 Tmut/Erth      0%           19%         2
 Confusing Touch          Hex            0%           34%         3
 Dazzling Flash           Conj/Hex       0%           34%         3
 Spider Form              Tmut/Pois      0%           34%         3
 Stone Arrow              Conj/Erth      0%           34%         3
 Tukima's Dance           Hex            0%           34%         3
 Vampiric Draining        Necr           0%           34%         3
 Animate Dead             Necr           0%           73%         4
 Ice Form                 Ice/Tmut       0%           73%         4
 Petrify                  Tmut/Erth      0%           73%         4
 Cause Fear               Hex            0%           75%         4
 Agony                    Necr           0%           96%         5
 Blade Hands              Tmut           0%           96%         5
 Lee's Rapid Deconstruct  Erth           0%           96%         5
 Metabolic Englaciation   Hex/Ice        0%           96%         5
 Silence                  Hex/Air        0%           96%         5
 Yara's Violent Unravell  Hex/Tmut       0%           96%         5
 Statue Form              Tmut/Erth      0%           100%        6
 Discord                  Hex            0%           100%        8


Dungeon Overview and Level Annotations

Branches:
Dungeon (15/15)            Temple (1/1) D:7            Lair (0/6) D:9
    Orc (0/2) D:12         Vaults (0/5) D:13        Ossuary (visited)
 Depths: D:15

Altars:
Ashenzari
Cheibriados
Dithmenos
Elyvilon
Fedhas
Gozag
Hepliaklqana
Kikubaaqudgha
Makhleb
Nemelex Xobeh
Okawaru
Qazlal
Ru
Sif Muna
Trog
Uskayaw
Vehumet
Wu Jian
Xom
Yredelemnul
Zin
The Shining One
Beogh

Shops:
D:4 *   D:6 ?[[*(   D:13 :   D:14 *

Annotations:
D:13 1 runed translucent door, Ujocieg's ghost, journeyman GrEE


Innate Abilities, Weirdness & Mutations

You can breathe blasts of fire.
Your fiery red scales are hard. (AC +8)
You cannot fit into any form of body armour.
Your flesh is heat resistant. (rF+)
You are cold-blooded and may be slowed by cold attacks.


Message History

The two-headed ogre hits you with a +0 giant club!!
The two-headed ogre hits you with a +2 vorpal dire flail.
You block the two-headed ogre's attack.
You are too injured to fight recklessly!
Unknown command.
You are too injured to fight recklessly!
You are too injured to fight recklessly!
You are too injured to fight recklessly!
You slash the two-headed ogre!
The two-headed ogre is almost dead.
The two-headed ogre hits you with a +0 giant spiked club!!
* * * LOW HITPOINT WARNING * * *
The two-headed ogre hits you with a cursed -2 giant club!
* * * LOW HITPOINT WARNING * * *
The ogre misses you. The two-headed ogre misses you.
You riposte.
You slice the two-headed ogre!! You tail-slap the two-headed ogre.
The two-headed ogre is heavily wounded.
You block the two-headed ogre's attack.
The two-headed ogre hits you with a +0 giant spiked club!!
You die...

,...............#.......,
* *
..............##.......,
, ............#..........
* (...........#.##.......
, *.............##.......
#.#..............##. ,
,,##..........###... ,
##....[.......... , ,
,**........$O@....... , ,
#.#......OO)......
...##....O.))...... * *
.# ##.............
.....#.......... *
*#....#.......... ,,
......#.....#### *
#..,.##.....#, , ...
#...... , ,


You could see 3 two-headed ogres and an ogre.

Vanquished Creatures
  A boulder beetle (D:14)
  Erolcha (D:12)
  8 vault guards (D:13)
  2 centaur warriors
  A hydra (D:12)
  6 two-headed ogres
  An ogre mage (D:15)
  A tengu warrior (D:13)
  An unseen horror (D:13)
  2 orc knights (D:12)
  A wolf spider zombie (D:13)
  An ugly thing (D:13)
  A cyclops (D:13)
  2 gargoyles
  A kobold demonologist (D:14)
  A komodo dragon (D:13)
  5 trolls
  2 hornets
  9 slime creatures
  A centaur simulacrum (D:14)
  2 shadows
  5 wyverns
  14 yaks
  Sigmund (D:2)
  A basilisk (D:9)
  3 wraiths
  Menkaure (D:6)
  9 vampire mosquitoes
  An acid dragon (D:14)
  4 water moccasins (D:9)
  5 orc warriors
  3 sky beasts
  3 ice beasts
  A necrophage (D:11)
  2 phantoms
  3 wolves (D:9)
  9 ogres
  12 centaurs
  10 bullfrogs
  2 big kobolds
  2 water moccasin zombies (D:4)
  A wyvern skeleton (D:10)
  4 scorpions
  8 wights
  3 bullfrog zombies
  3 centaur zombies
  A quasit (D:9)
  4 jellies
  5 bullfrog skeletons
  9 orc priests
  3 hounds
  Crazy Yiuf (D:6)
  4 centaur skeletons
  Ijyb (D:3)
  4 iguanas
  Natasha (thrice) (D:2)
  8 orc wizards
  15 worker ants
  3 mummies (Ossuary)
  2 worker ant zombies
  4 gnolls (D:2)
  11 adders
  3 shadow imps
  A white imp (D:5)
  4 ufetubi
  An ooze (D:1)
  3 adder zombies (D:4)
  2 adder skeletons
  A worm (D:3)
  2 dart slugs (D:2)
  5 leopard geckos
  46 orcs
  8 bats
  5 giant cockroaches
  21 goblins
  8 hobgoblins
  7 jackals
  20 kobolds
  4 quokkas
  A ball python (D:2)
  A ball python zombie (D:4)
  9 frilled lizards
  A giant cockroach zombie (D:4)
  2 goblin zombies (Ossuary)
  3 hobgoblin zombies (Ossuary)
  A jackal zombie (D:4)
  4 kobold zombies (Ossuary)
  A leopard gecko zombie (D:4)
  7 rats
409 creatures vanquished.

Vanquished Creatures (collateral kills)
  A wolf (D:9)
1 creature vanquished.

Vanquished Creatures (others)
  3 fungi (D:9)
  17 plants (D:9)
  A withered plant (D:4)
21 creatures vanquished.

Grand Total: 431 creatures vanquished

Notes
Turn   | Place    | Note
-------+----------+-------------------------------------------
     0 | D:1      | KristoblXynda the Draconian Gladiator began the quest for
                  | the Orb.
     0 | D:1      | Reached XP level 1. HP: 17/17 MP: 1/1
   176 | D:1      | Reached XP level 2. HP: 25/25 MP: 2/2
   776 | D:1      | Reached XP level 3. HP: 28/30 MP: 3/3
  1162 | D:2      | Reached XP level 4. HP: 11/38 MP: 4/4
  1678 | D:2      | Noticed Natasha
  1688 | D:2      | Killed Natasha
  1689 | D:2      | Reached skill level 4 in Long Blades
  1904 | D:2      | Noticed Natasha
  2183 | D:2      | Found a sacrificial altar of Ru.
  2183 | D:2      | Found a glowing golden altar of the Shining One.
  2183 | D:2      | Found a hazy altar of Hepliaklqana.
  2183 | D:2      | Found an ornate altar of the Wu Jian Council.
  2196 | D:2      | Noticed Sigmund
  2233 | D:2      | Killed Sigmund
  2234 | D:2      | Reached skill level 5 in Long Blades
  2234 | D:2      | Reached XP level 5. HP: 30/46 MP: 5/5
  2234 | D:2      | Reached XP level 6. HP: 34/52 MP: 6/6
  2395 | D:2      | Killed Natasha
  2793 | D:2      | Noticed Natasha
  2797 | D:2      | Killed Natasha
  2970 | D:3      | Noticed Ijyb
  2970 | D:3      | Paralysed by Ijyb for 2 turns
  3013 | D:3      | Killed Ijyb
  4505 | D:4      | Your scales start taking on a fiery red colour.
  4505 | D:4      | Reached XP level 7. HP: 36/60 MP: 7/7
  4505 | D:4      | Gained mutation: Your flesh is heat resistant. (rF+) [Red
                  | Draconian growth]
  4755 | D:4      | Reached skill level 6 in Long Blades
  5303 | D:4      | Reached skill level 5 in Fighting
  5560 | D:4      | Got a brightly glowing bronze ring
  5561 | D:4      | Identified the ring "Zyluc" {Wiz Str+4} (You found it on
                  | level 4 of the Dungeon)
  5934 | D:4      | Reached skill level 7 in Long Blades
  5974 | D:4      | Reached skill level 5 in Dodging
  5974 | D:4      | Reached XP level 8. HP: 63/69 MP: 8/8
  6070 | D:4      | Found Enkavet's General Store.
  6212 | D:5      | Entered Level 5 of the Dungeon
  7086 | D:5      | Reached skill level 8 in Long Blades
  7098 | D:4      | HP: 3/70 [poisoned by a scorpion]
  8210 | D:6      | Found Ahe Cuci's Magic Scroll Emporium.
  8214 | D:6      | Bought a scroll of identify for 26 gold pieces
  8214 | D:6      | Bought a scroll of remove curse for 39 gold pieces
  8345 | D:6      | Found Pegia's Armour Shop.
  8591 | D:6      | You fall into a shaft and drop 2 floors!
  8602 | D:8      | Noticed a hornet
  8714 | D:8      | Found a shimmering altar of Xom.
  8727 | D:8      | Found a sand-covered staircase.
  8732 | Ossuary  | Entered an ossuary
  8780 | Ossuary  | Reached XP level 9. HP: 78/78 MP: 9/9
  8783 | Ossuary  | Learned a level 2 spell: Wereblood
  9490 | D:8      | Reached skill level 9 in Long Blades
  9951 | D:8      | Found an ancient bone altar of Kikubaaqudgha.
 11035 | D:7      | Found a staircase to the Ecumenical Temple.
 11048 | Temple   | Entered the Ecumenical Temple
 11057 | Temple   | Became a worshipper of Ashenzari the Shackled
 11607 | D:7      | Reached skill level 10 in Long Blades
 11707 | D:6      | Found Pubot's Antique Weapon Shop.
 11753 | D:6      | Found Enuxaane's Armour Boutique.
 11815 | D:6      | Found a runed translucent door.
 11816 | D:6      | Noticed Crazy Yiuf
 11973 | D:6      | Noticed Menkaure
 11978 | D:6      | Killed Menkaure
 11979 | D:6      | Reached skill level 1 in Shields
 12048 | D:6      | Found Xefyav's Assorted Antiques.
 12108 | D:6      | Killed Crazy Yiuf
 12732 | D:9      | Reached XP level 10. HP: 88/88 MP: 10/10
 13236 | D:9      | Found a staircase to the Lair.
 13480 | D:9      | Identified a scroll of acquirement
 13480 | D:9      | Acquired the cursed amulet of Vuseem {Acrobat rPois rC++
                  | SInv}
 13580 | D:9      | Reached * piety under Ashenzari
 13894 | D:10     | Entered Level 10 of the Dungeon
 13981 | D:10     | Reached skill level 11 in Long Blades
 14286 | D:10     | Noticed a two-headed ogre
 14292 | D:10     | Killed a two-headed ogre
 14293 | D:10     | Reached skill level 1 in Evocations
 14302 | D:10     | Reached XP level 11. HP: 80/97 MP: 11/11
 14727 | D:11     | Noticed a two-headed ogre
 14733 | D:11     | Killed a two-headed ogre
 14760 | D:11     | Noticed a two-headed ogre
 14767 | D:11     | Killed a two-headed ogre
 14768 | D:11     | Reached skill level 10 in Fighting
 14982 | D:11     | Got the uncursed pair of boots "Kipsaoq" {Harm rPois Dex+7
                  | Stlth-}
 15577 | D:12     | Noticed Erolcha
 15588 | D:12     | Killed Erolcha
 16030 | D:12     | Found a stormy altar of Qazlal.
 16128 | D:12     | Reached ** piety under Ashenzari
 16152 | D:12     | Noticed a four-headed hydra
 16160 | D:12     | Killed a four-headed hydra
 16161 | D:12     | Reached skill level 1 in Stealth
 16164 | D:12     | Identified Sif Muna's Handbook of Earthen Snow
 16379 | D:12     | Noticed an orc knight
 16381 | D:12     | Found a roughly hewn altar of Beogh.
 16382 | D:12     | Noticed an orc knight
 16389 | D:12     | Killed an orc knight
 16410 | D:12     | Killed an orc knight
 16411 | D:12     | Reached skill level 12 in Long Blades
 16411 | D:12     | Reached skill level 5 in Evocations
 16442 | D:12     | Found a staircase to the Orcish Mines.
 17284 | D:13     | Noticed an unseen horror
 17292 | D:13     | Killed an unseen horror
 17293 | D:13     | Reached XP level 12. HP: 86/107 MP: 12/12
 17592 | D:13     | Noticed a two-headed ogre
 17611 | D:13     | Killed a two-headed ogre
 17924 | D:13     | Found Ohus's Book Boutique.
 17926 | D:13     | Noticed a tengu warrior
 17936 | D:13     | Killed a tengu warrior
 17937 | D:13     | Reached skill level 10 in Dodging
 18373 | D:13     | Found a glowing golden altar of the Shining One.
 18617 | D:13     | Noticed a centaur warrior
 18631 | D:13     | Killed a centaur warrior
 18632 | D:13     | Reached skill level 5 in Stealth
 18762 | D:13     | Found a runed translucent door.
 18762 | D:13     | Noticed Ujocieg's ghost (journeyman GrEE)
 18896 | D:13     | Noticed a vault guard
 18896 | D:13     | Noticed a vault guard
 18897 | D:13     | Noticed a vault guard
 18905 | D:13     | Found a gate to the Vaults.
 18906 | D:13     | Noticed a vault guard
 18917 | D:13     | Noticed a vault guard
 18919 | D:13     | Killed a vault guard
 18926 | D:13     | Killed a vault guard
 18931 | D:13     | Killed a vault guard
 18936 | D:13     | Noticed a vault guard
 18940 | D:13     | Killed a vault guard
 18950 | D:13     | Killed a vault guard
 18951 | D:13     | Reached skill level 13 in Long Blades
 18957 | D:13     | Killed a vault guard
 18958 | D:13     | Reached XP level 13. HP: 36/114 MP: 13/13
 19942 | D:14     | Found Wits's General Store.
 19977 | D:14     | Bought a scroll of teleportation for 51 gold pieces
 19977 | D:14     | Bought a scroll of identify for 34 gold pieces
 20316 | D:14     | Identified the ring of the Crown {+Fly rElec Dex+6 Stlth+}
 20538 | D:15     | Entered Level 15 of the Dungeon
 20723 | D:15     | Mangled by a two-headed ogre

Illustrated notes

Levels and vault maps discovered:
D:1:      amcnicky_arrival_single_pillar, layout_basic
D:2:      layout_loops_corners, grunt_temple_overflow_cloverleaf,
          kennysheep_generic_room_13, uniq_sigmund, uniq_natasha
D:3:      kennysheep_the_goblin_king, layout_rooms,
          chequers_serial_rivers_small_3, minmay_misc_feat_columns
D:4:      layout_loops_corners, serial_undead, serial_undead_d, serial_undead_e,
          serial_undead_e, serial_undead_b, serial_undead_b, serial_undead_c,
          serial_undead_c, serial_undead_c, serial_shops, shop, minmay_pentangle
D:5:      layout_basic
D:6:      layout_basic, serial_shops, nicolae_shop_behind_doors, shop,
          nicolae_shop_behind_doors, kennysheep_little_box,
          kennysheep_mini_moat, uniq_menkaure, uniq_crazy_yiuf_cottage
D:7:      layout_loops_ring, minmay_temple_entry_purple_smoke
D:8:      layout_cave_pods, general_overflow_altar, enter_ossuary_5,
          lemuel_centaur_altar
D:9:      layout_irregular_city, minmay_lair_entry_grove,
          hangedman_decor_clover_reticule
D:10:     layout_basic
D:11:     layout_gridville
D:12:     layout_layer_cave, david_orc_5, chequers_hall_statues_corner_a,
          grunt_qazlal_clouds, uniq_erolcha
D:13:     layout_rooms, erik_vaults_2, serial_shops, shop,
          gammafunk_ghost_grave, nicolae_tso_swordbearing_angel
D:14:     layout_loops_ring, serial_shops, shop
D:15:     grunt_enter_depths_snipers, layout_cave_pools, nicolae_wwwww,
          minmay_misc_feat_x, nicolae_two_hexagons
Temple:   minmay_crystal_spiral_temple

Skill      XL: |  1  2  3  4  5  6  7  8  9 10 11 12 13 |
---------------+----------------------------------------+-----
Throwing       | 2 |  2.1
Dodging        | 3 4 5 6 7 8 9 10 11 | 11.1
Fighting       | 3 4 5 6 8 9 10 | 10.4
Long Blades    | 5 7 8 10 11 12 13 | 13.4
Shields        | 2 4 |  4.4
Evocations     | 1 5 7 8 |  8.4
Stealth        | 2 6 7 |  7.0

Action                   |  1- 3 |  4- 6 |  7- 9 | 10-12 | 13-15 || total
-------------------------+-------+-------+-------+-------+-------++-------
Melee: Long sword        |    80 |   258 |   435 |   363 |       ||  1136
       Tailslap          |     7 |    25 |    69 |   124 |    31 ||   256
       Scimitar          |       |       |       |   206 |   123 ||   329
Throw: Throwing net      |       |     1 |       |       |       ||     1
Invok: Curse Item        |       |       |     1 |     1 |       ||     2
 Abil: Breathe Fire      |       |       |    12 |    21 |     3 ||    36
Evoke: Wand              |       |       |     2 |     9 |       ||    11
  Use: Potion            |       |     4 |       |     1 |       ||     5
       Scroll            |       |     8 |    13 |    14 |     3 ||    38
 Stab: Sleeping          |       |     1 |     2 |     1 |     3 ||     7
       Distracted        |       |       |     1 |     1 |       ||     2
Armor: Skin              |    13 |    81 |   113 |   113 |    13 ||   333
Dodge: Dodged            |    69 |   202 |   326 |   373 |    79 ||  1049
Block: Buckler           |       |       |     6 |   115 |    17 ||   138
       Rpst.: Long sword |    21 |    60 |    88 |    75 |       ||   244
       Scimitar          |       |       |       |    28 |    21 ||    49

Table legend: (Time is in decaauts)
 A = Elapsed time spent in this place.
 B = Non-inter-level travel time spent in this place.
 C = Inter-level travel time spent in this place.
 D = Time resting spent in this place.
 E = Time spent auto-exploring this place.
 F = Levels seen in this place.
 G = Mean time per level.
                   A        B        C        D        E       F      G
               +--------+--------+--------+--------+--------+-----+--------+
         Total |  20627 |  20010 |    617 |   6010 |  10193 |  17 | 1213.4 |
       Dungeon |  19989 |  19455 |    534 |   5935 |   9814 |  15 | 1332.6 |
        Temple |    172 |     89 |     83 |      0 |     84 |   1 |  172.0 |
       Ossuary |    464 |    464 |      0 |     75 |    295 |   1 |  464.0 |
               +--------+--------+--------+--------+--------+-----+--------+

Top non-repeatable levels by time:
     D:2: 2229 daAuts
    D:13: 2083 daAuts
     D:4: 2054 daAuts
    D:12: 1925 daAuts
     D:9: 1499 daAuts
     D:8: 1410 daAuts
     D:5: 1391 daAuts
     D:6: 1311 daAuts
     D:3: 1299 daAuts
     D:7: 1092 daAuts
     D:1: 1008 daAuts
    D:14: 875 daAuts
    D:11: 821 daAuts
    D:10: 810 daAuts
 Ossuary: 464 daAuts
